 Dungeon Crawl Stone Soup version 0.29.1-12-g30fa7ad0bf (webtiles) character file.

Game seed: 12773443761013707767

1265481 venomsnake the Conqueror (level 27, 273/273 HPs)
             Began as a Minotaur Berserker on Dec 20, 2022.
             Was a High Priest of Trog.
             Escaped with the Orb
             ... and 3 runes on Dec 25, 2022!
             The game lasted 12:31:06 (150052 turns).

venomsnake the Conqueror (Minotaur Berserker)     Turns: 150052, Time: 12:31:07

Health: 273/273    AC: 41    Str: 42    XL:     27
Magic:  19/22      EV: 15    Int:  4    God:    Trog [*****.]
Gold:   2261       SH: 25    Dex:  8    Spells: 26/26 levels left

rFire   + + .      SeeInvis +   W - +8 broad axe of Idealism {vorpal, rPois rC+++ rCorr Dex-3}
rCold   + + +      Faith    .   Y - +5 kite shield
rNeg    + . .      Spirit   .   U - +2 gold dragon scales
rPois   +          Reflect  +   J - +1 hat of the Sheltering Gods {Fly Str+2 SInv}
rElec   .          Harm     .   t - +2 cloak {Will+}
rCorr   +          Rampage  .   Z - +2 pair of gloves {infuse}
Will    +++..                   G - +2 pair of boots {Fly}
Stlth   ..........              X - amulet of reflection
HPRegen 0.55/turn               b - ring of Uskayaw's Generosity {Ice rN+ Str+7}
MPRegen 0.18/turn               H - ring of protection from fire

@: flying, studying Unarmed Combat
A: horns 2, retaliatory headbutt, dopey 1, fire resistance 1, evolution 2,
MP-powered wands
0: Orb of Zot
}: 3/15 runes: barnacled, silver, gossamer
a: Renounce Religion, Berserk, Trog's Hand, Brothers in Arms


You escaped.
You worshipped Trog.
Trog was extremely pleased with you.
You visited 10 branches of the dungeon, and saw 50 of its levels.

You collected 8324 gold pieces.
You spent 6063 gold pieces at shops.

Inventory:

Hand Weapons
 P - a +9 antimagic broad axe
 W - the +8 broad axe of Idealism (weapon) {vorpal, rPois rC+++ rCorr Dex-3}
   (Trog gifted it to you on level 3 of the Vaults)

   It inflicts extra damage upon your enemies.
   Dex:       It affects your dexterity (-3).
   rC:        It renders you almost immune to cold.
   rPois:     It protects you from poison.
   rCorr:     It protects you from acid and corrosion.
Missiles
 k - 492 stones
 n - 4 throwing nets
 I - 93 poisoned darts (quivered)
Armour
 t - a +2 cloak of willpower (worn)
 G - a +2 pair of boots of flying (worn)
 J - the +1 hat of the Sheltering Gods (worn) {Fly Str+2 SInv}
   (You found it on level 4 of the Spider Nest)

   Str:       It affects your strength (+2).
   SInv:      It lets you see invisible.
   Fly:       It grants you flight.
 U - +2 gold dragon scales (worn)
 Y - a +5 kite shield (worn)
 Z - a +2 pair of gloves of infusion (worn)
Jewellery
 b - the ring of Uskayaw's Generosity (left hand) {Ice rN+ Str+7}
   (You found it on level 12 of the Dungeon)

   [ring of ice]

   It enhances your ice magic.
   Str:       It affects your strength (+7).
   rF:        It makes you vulnerable to fire.
   rC:        It protects you from cold.
   rN:        It protects you from negative energy.
 g - a +4 ring of evasion
 q - a +6 ring of intelligence
 s - a +6 ring of strength
 H - a ring of protection from fire (right hand)
 X - an amulet of reflection (around neck)
Wands
 h - a wand of mindburst (31)
 j - a wand of roots (20)
 m - a wand of flame (54)
 x - a wand of paralysis (62)
 B - a wand of polymorph (14)
 K - a wand of digging (1)
 Q - a wand of acid (5)
Scrolls
 c - 11 scrolls of poison
 d - 8 scrolls of vulnerability
 e - 8 scrolls of butterflies
 f - 10 scrolls of immolation
 r - 21 scrolls of teleportation
 u - 4 scrolls of silence
 v - 8 scrolls of enchant weapon
 y - 2 scrolls of brand weapon
 C - 14 scrolls of fear
 D - 21 scrolls of identify
 F - a scroll of magic mapping
 L - 4 scrolls of noise
 N - 2 scrolls of blinking
Potions
 i - a potion of mutation
 l - 3 potions of attraction
 o - 6 potions of berserk rage
 p - 10 potions of curing
 A - a potion of cancellation
 E - 3 potions of haste
 M - 5 potions of might
 V - 3 potions of resistance
Miscellaneous
 a - a lightning rod (4/4)
 w - a phial of floods
 z - a tin of tremorstones (2/2)
 S - a box of beasts
 T - a condenser vane


   Skills:
 O Level 27 Fighting
 - Level 18.0 Axes
 + Level 26.1 Armour
 + Level 24.2 Dodging
 + Level 24.3 Shields
 + Level 22.0 Evocations


You had 26 spell levels left.
You didn't know any spells.
Your spell library was empty.

Dungeon Overview and Level Annotations

Branches:
Dungeon (15/15)            Temple (0/1) D:6            Lair (5/5) D:8
 Shoals (4/4) Lair:3       Spider (4/4) Lair:2        Slime (0/5) Lair:5
    Orc (2/2) D:10            Elf (3/3) Orc:2        Vaults (5/5) D:14
  Crypt (3/3) Vaults:2       Tomb (0/3) Crypt:3      Depths (4/4) D:15
    Zot (5/5) Depths:4

Altars:
Cheibriados
Dithmenos
Elyvilon
Gozag
Kikubaaqudgha
Makhleb
Nemelex Xobeh
Qazlal
Ru
Sif Muna
Wu Jian
Xom
Yredelemnul
Zin
Jiyva
Lugonu

Shops:
D:7 [   D:14 [   Orc:2 [*=(   Elf:1 [!   Shoals:1 ?   Shoals:3 :
Vaults:1 (!?=*   Vaults:2 (?   Depths:1 (   Depths:4 (:(

Portals:
Hell: Depths:1 Depths:2 Depths:3 Depths:4
Abyss: Lair:2 Depths:2 Depths:3
Pandemonium: Depths:2 Depths:3
Ziggurat: Depths:2
Trove: Vaults:2 (give +2 shadow dragon scales)

Annotations:
D:7 1 runed translucent door, Crazy Yiuf
Lair:5 exclusion: obsidian statue
Spider:2 exclusion: 2 oklob plants
Elf:1 6 runed translucent doors, Roxanne
Vaults:2 2 transporters
Depths:2 8 runed translucent doors
Zot:4 4 transporters


Innate Abilities, Weirdness & Mutations

You have a pair of horns on your head.
You reflexively headbutt those who attack you in melee.
You are dopey. (Int -2)
Your flesh is heat resistant. (rF+)
You have great hidden genetic potential.
You expend magic power (3 MP) to strengthen your wands.


Message History

You kill the Orb Guardian!
Trog accepts your kill.
There is a stone staircase leading up here.
You fly upwards.
There is a stone staircase leading down here.
You see here a +0 club.
A smoke demon comes into view.
There is a stone staircase leading up here.
You fly upwards.
There is a stone staircase leading down here.
Aiming: Dig
Press: ? - help, Shift-Dir - straight line A rock wall.
This square is covered in magical glow.
You feel a surge of power!
The rock shatters into small pieces.
Aiming: Dig
Press: ? - help, Shift-Dir - straight line A rock wall.
This square is covered in magical glow.
You feel a surge of power!
The rock shatters into small pieces.
An Orb Guardian comes into view.
You open the Orb Guardian like a pillowcase!!!
You headbutt the Orb Guardian!
The Orb Guardian is severely wounded.
The Orb Guardian hits you but does no damage.
You block the Orb Guardian's attack.
You slice the Orb Guardian!!
You kill the Orb Guardian!
Trog accepts your kill.
No target in view!
There is a staircase leading out of the dungeon here.
You feel better.
You feel better.
You feel better.
You feel better.
You feel better.
A hell beast comes into view.
You feel better.
You feel better.
You have escaped!

.....###########.###...#.###....#
.............##..##...##..##.####
####.........##......###.....#
#.........##.....## ###.###
#†........##....## #.###
#.........##.....## ###...####
#.........##......###...#.....
#.........##.2........#.#####.
#.........##.@....##..#.# #.
#.........##......###...######
##############'#### #.#....# #
#.# #.###..### #.# #....#.... #>#
####.###.# ### #####.[...#
#.......... #......####


You could see a hell beast.

Vanquished Creatures
  6 dread liches
  3 ancient liches
  Mara (Vaults:3)
  6 orbs of fire
  A juggernaut (Depths:3)
  A royal mummy (Crypt:2)
  Josephina (Crypt:2)
  Vv (Zot:3)
  Boris (thrice) (Crypt:2 D:15 Vaults:4)
  6 Killer Klowns
  A caustic shrike (shapeshifter) (Vaults:5)
  Margery (Depths:4)
  5 curse toes
  Saint Roka (Orc:2)
  A caustic shrike (Zot:5)
  9 golden dragons
  2 electric golems (Zot:5)
  17 tentacled monstrosities
  3 titans
  3 liches
  27 Orb Guardians
  2 shard shrike skeletons (Crypt:3)
  12 quicksilver dragons
  A deep elf blademaster (Elf:2)
  9 acid blobs
  6 ancient champions
  12 death cobs
  4 sphinxes
  Kirke (Spider:1)
  5 tengu reavers
  A storm dragon (shapeshifter) (Zot:1)
  13 shadow dragons
  6 draconian monks
  A revenant (Crypt:2)
  12 storm dragons
  4 fire giants
  4 draconian knights
  4 emperor scorpions
  7 frost giants
  A juggernaut zombie (Crypt:3)
  An iron dragon (Depths:4)
  A deep elf sorcerer (Elf:1)
  3 draconian scorchers
  22 vault wardens
  A balrug (Depths:2)
  The ghost of KittyFluff the Fencer, an adept GrBe of Trog (Spider:1)
  4 ghost moths
  4 draconian shifters
  9 draconian stormcallers
  16 draconian annihilators
  3 angels (Zot:1)
  3 ghouls (Crypt:1)
  22 very ugly things
  5 war gargoyles
  A demonspawn corrupter (Zot:3)
  15 ironbound preservers
  4 spriggan defenders
  5 reapers (Crypt:3)
  8 broodmothers
  3 ironbound thunderhulks
  14 stone giants
  10 vampire knights
  3 deep elf demonologists
  2 grey draconians (Depths:4)
  A lorocyproca (D:3)
  9 entropy weavers
  10 red draconians
  11 dire elephants
  15 green draconians
  9 white draconians
  21 yellow draconians
  9 black draconians
  8 spark wasps
  11 purple draconians
  3 deep elf death magi
  2 crystal guardians
  12 eidola
  A mummy priest (Crypt:3)
  9 jiangshi
  15 ettins
  10 merfolk javelineers (Shoals:4)
  2 spriggan zombies (Crypt:3)
  4 merfolk impalers
  2 deep elf high priests (Elf:1)
  3 rakshasas
  2 fenstrider witch zombies (Crypt:3)
  16 yaktaur captains
  Harold (D:9)
  14 fire dragons
  Fannar (Lair:2)
  9 hydras
  3 peacekeepers
  10 great orbs of eyes
  A quicksilver dragon skeleton (Crypt:3)
  5 ice dragons
  10 ironbound frosthearts
  50 vault guards
  4 jorogumos
  Erica (D:11)
  7 boulder beetles
  2 merfolk avatars (Shoals:4)
  A radroach (Spider:4)
  3 spriggan air magi
  A spriggan skeleton (Crypt:3)
  24 dancing weapons
  4 merfolk aquamancers
  4 ogre magi
  The ghost of Lutefisk the Nimble, a journeyman OpTm of Hepliaklqana (Lair:1)
  6 deep troll earth magi
  10 two-headed ogres
  4 centaur warriors
  A death knight (Crypt:1)
  A tengu warrior (Depths:3)
  12 death yaks
  6 vampire magi
  3 satyrs (Shoals:4)
  4 deep troll shamans
  An alligator snapping turtle (Shoals:4)
  A spriggan berserker (Depths:3)
  A sun demon (Depths:3)
  A hell hog (Depths:4)
  Nergalle (Lair:2)
  20 deep elf knights
  8 orc high priests
  16 hell knights
  A salamander mystic (Depths:4)
  A spectral death yak (Lair:5)
  6 pharaoh ants
  5 soul eaters
  A spectral anaconda (Lair:5)
  31 skeletal warriors
  10 glowing orange brains
  5 sea snakes
  5 steelbarb worms
  A golden dragon zombie (Crypt:3)
  A glowing orange brain (shapeshifter) (Vaults:5)
  4 flayed ghosts
  A deep troll (shapeshifter) (Depths:2)
  Pikel (D:5)
  12 lindwurms
  54 deep trolls
  9 orb spiders
  3 swamp dragons (Depths:4)
  9 deep elf archers
  19 ironbound convokers
  A swamp dragon (shapeshifter) (Depths:2)
  26 deep elf zephyrmancers
  An anaconda skeleton (Crypt:3)
  A shadow demon (Zot:3)
  7 orc knights (Orc:2)
  An iron giant skeleton (Crypt:3)
  A bunyip skeleton (Crypt:3)
  20 harpies
  24 phantasmal warriors
  27 necromancers
  14 wizards
  24 deep elf pyromancers
  A fenstrider witch simulacrum (Crypt:2)
  5 orc sorcerers
  13 fauns
  37 wolf spiders
  69 ugly things
  3 oklob plants (Zot:3)
  4 cyclopes
  A faun (shapeshifter) (Vaults:3)
  8 manticores
  A stone giant zombie (Crypt:1)
  3 salamanders (Depths:4)
  25 moths of wrath
  A toenail golem (D:3)
  9 merfolk sirens
  A moth of wrath (shapeshifter) (D:13)
  2 centaur zombies (Crypt:3)
  17 elephants
  5 water nymphs
  2 naga magi (D:15)
  A rust devil (Depths:3)
  2 smoke demons
  6 black mambas
  A gargoyle (D:12)
  2 dire elephant zombies (Crypt:3)
  A black mamba (shapeshifter) (Zot:1)
  18 vault sentinels
  14 cane toads
  5 torpor snails
  2 centaur skeletons (D:15)
  A swamp worm zombie (Crypt:1)
  2 orange demons (Depths:2)
  3 kobold demonologists
  7 freezing wraiths
  An unseen horror (D:13)
  3 rime drakes
  5 tengu conjurers
  11 demonic crawlers
  42 yaktaurs
  13 komodo dragons
  14 hellwings
  Psyche (D:12)
  An ice devil (Depths:3)
  A red devil (Depths:2)
  A hydra zombie (Crypt:3)
  9 trolls
  4 harpy zombies
  10 meliai
  A queen bee (Lair:2)
  36 merfolk
  8 wind drakes
  2 hornets
  2 polar bears
  4 tyrant leeches (Depths:3)
  A harpy skeleton (Crypt:3)
  28 tarantellas
  7 blink frogs
  A raiju (shapeshifter) (D:14)
  16 dream sheep
  8 snapping turtles
  37 jumping spiders
  28 slime creatures
  3 shadows
  28 culicivoras
  A jumping spider (shapeshifter) (Elf:1)
  14 wyverns
  A spriggan (shapeshifter) (Vaults:5)
  51 yaks
  A spriggan (Depths:3)
  12 wraiths
  A dire elephant simulacrum (Lair:5)
  2 ettin skeletons (Crypt:3)
  13 water elementals
  2 air elementals
  A satyr skeleton (Crypt:1)
  8 basilisks
  A neqoxec (Depths:2)
  4 fire elementals
  An ushabti (Crypt:3)
  A death yak simulacrum (Lair:5)
  4 fire bats (Lair:4)
  5 steam dragons
  2 chaos spawn
  51 redbacks
  Menkaure (D:5)
  2 spectral cane toads (Lair:5)
  6 wargs
  An acid dragon (D:10)
  A faun zombie (Crypt:1)
  A swamp worm (shapeshifter) (Depths:3)
  A cane toad zombie (Crypt:1)
  A faun skeleton (Crypt:2)
  30 water moccasins
  A deep troll skeleton (Crypt:2)
  6 black bears
  31 orc warriors
  2 sky beasts (D:7)
  A hornet zombie (D:15)
  2 ice beasts (D:7)
  12 ogres
  3 dream sheep skeletons (Crypt:2)
  A boggart (Vaults:3)
  7 centaurs
  An elephant zombie (Lair:5)
  9 wolves
  2 elephant skeletons (Lair:5)
  3 lemures (D:5)
  6 kobold brigands
  17 bullfrogs
  A gnoll sergeant (D:11)
  3 necrophages
  3 scorpions
  A cane toad simulacrum (Lair:5)
  An earth elemental (Elf:1)
  A scorpion (shapeshifter) (Vaults:5)
  4 wights (D:9)
  4 wyvern skeletons (Crypt:3)
  21 killer bees
  An elephant simulacrum (Lair:5)
  4 electric eels
  5 howler monkeys
  3 hounds (D:5)
  17 jellies
  11 orc priests
  3 gnoll boudas
  3 iguanas
  35 orc wizards
  2 hell rats
  3 mummies
  Robin (D:2)
  8 adders
  15 gnolls
  A swamp drake zombie (Crypt:1)
  A river rat (Lair:2)
  A steam dragon zombie (Crypt:1)
  A shadow imp (D:6)
  2 white imps
  3 ufetubi
  A jelly zombie (Crypt:1)
  A lava snake skeleton (Crypt:2)
  4 worms
  8 dart slugs
  86 orcs
  8 endoplasms
  2 giant cockroaches
  9 goblins
  11 hobgoblins
  4 quokkas
  7 ball pythons
  A ball python zombie (Crypt:2)
  6 bats
  5 frilled lizards
  A hobgoblin zombie (Crypt:2)
  21 kobolds
  9 rats
  4 bushes (D:8)
  A butterfly (Zot:1)
  A fire vortex (Depths:4)
  A pillar of salt (Zot:1)
2399 creatures vanquished.

Vanquished Creatures (collateral kills)
  Khufu (Crypt:2)
  A royal mummy (Crypt:2)
  Xtahua (Vaults:3)
  the Enchantress (Depths:3)
  Nikola (Vaults:1)
  A tentacled monstrosity (Zot:1)
  Zenata (Vaults:1)
  An acid blob (Zot:3)
  Donald (Spider:3)
  A storm dragon (Zot:1)
  A balrug (Depths:3)
  An angel (Zot:1)
  A vault warden (Vaults:1)
  A war gargoyle (Vaults:2)
  An ironbound thunderhulk (Vaults:2)
  A spark wasp (Depths:1)
  A dire elephant (Lair:5)
  A fire dragon (Depths:1)
  A yaktaur captain (Vaults:2)
  An ice dragon (Depths:3)
  2 merfolk impalers
  A vault guard (Vaults:1)
  A great orb of eyes (Vaults:1)
  An ironbound frostheart (Vaults:2)
  A hydra (D:11)
  A two-headed ogre (D:11)
  A spriggan skeleton (Crypt:3)
  A spriggan air mage (Depths:3)
  A deep troll earth mage (Depths:1)
  A deep elf knight (Elf:2)
  A spriggan berserker (Depths:3)
  A hell knight (Depths:1)
  A spriggan (Depths:3)
  An orb spider (Spider:3)
  4 deep trolls
  2 ironbound convokers
  A deep elf archer (Elf:2)
  A phantasmal warrior (Vaults:5)
  A harpy (Vaults:5)
  A wolf spider (Spider:2)
  3 deep elf zephyrmancers (Elf:2)
  2 manticores (Shoals:1)
  A faun (Shoals:1)
  A moth of wrath (Spider:2)
  A merfolk siren (Shoals:1)
  A water nymph (Shoals:1)
  A stone giant skeleton (Crypt:3)
  4 yaktaurs
  A torpor snail (Spider:2)
  A red devil (Depths:3)
  3 merfolk
  A hornet (Depths:3)
  2 snapping turtles (Shoals:1)
  2 slime creatures (Vaults:2)
  3 water elementals (Depths:1)
  A neqoxec (Depths:3)
  A jelly (Zot:3)
74 creatures vanquished.

Vanquished Creatures (others)
  A golden dragon (Depths:4)
  3 humans (Spider:1)
  A black mamba simulacrum (Crypt:2)
  A deep troll simulacrum (Crypt:2)
  A naga simulacrum (Crypt:2)
  A jelly (Zot:3)
  A butterfly (Zot:1)
  43 fungi
  A lurking horror (Lair:2)
  3 pillars of salt (Zot:1)
  121 plants
  8 tentacles (Shoals:3)
  59 withered plants
244 creatures vanquished.

Grand Total: 2717 creatures vanquished

Notes
Turn   | Place    | Note
-------+----------+-------------------------------------------
     0 | D:1      | venomsnake the Minotaur Berserker began the quest for the
                  | Orb.
     0 | D:1      | Reached XP level 1. HP: 19/19 MP: 0/0
   189 | D:1      | Reached XP level 2. HP: 27/27 MP: 1/1
   191 | D:1      | Reached skill level 4 in Fighting
   396 | D:1      | Reached ** piety under Trog
   412 | D:1      | Reached XP level 3. HP: 20/33 MP: 2/2
   790 | D:2      | Noticed Robin
   799 | D:2      | Reached skill level 1 in Evocations
   802 | D:2      | Killed Robin
   807 | D:2      | Reached XP level 4. HP: 13/41 MP: 3/3
  1107 | D:2      | Found a faded altar of an unknown god.
  1428 | D:2      | Reached *** piety under Trog
  1851 | D:3      | Identified the +2 robe of Ifittoy {Fly rElec Dex+2 Stlth+}
  1876 | D:3      | Reached skill level 5 in Fighting
  1876 | D:3      | Reached XP level 5. HP: 45/48 MP: 4/4
  2711 | D:4      | Reached XP level 6. HP: 50/57 MP: 5/5
  2763 | D:4      | Found a glowing silver altar of Zin.
  2763 | D:4      | Found an opulent altar of Gozag.
  3182 | D:5      | Entered Level 5 of the Dungeon
  3409 | D:5      | Reached skill level 6 in Fighting
  3409 | D:5      | Reached skill level 5 in Axes
  3639 | D:5      | Reached XP level 7. HP: 60/63 MP: 6/6
  3639 | D:5      | Noticed Menkaure
  3658 | D:5      | Killed Menkaure
  4005 | D:5      | Reached skill level 7 in Fighting
  4013 | D:5      | Noticed Pikel
  4033 | D:5      | Killed Pikel
  4034 | D:5      | Reached skill level 8 in Fighting
  4034 | D:5      | Reached skill level 5 in Armour
  4034 | D:5      | Reached skill level 5 in Dodging
  4034 | D:5      | Reached XP level 8. HP: 34/74 MP: 7/7
  4283 | D:5      | Found a snail-covered altar of Cheibriados.
  5067 | D:6      | Identified the +1 ring mail of Squeaky Leaves {rF- rN++}
  5177 | D:6      | Reached **** piety under Trog
  5219 | D:6      | Found a burning altar of Makhleb.
  5444 | D:6      | Found a shadowy altar of Dithmenos.
  5544 | D:6      | Found a staircase to the Ecumenical Temple.
  5874 | D:7      | Reached skill level 9 in Fighting
  5874 | D:7      | Reached XP level 9. HP: 79/83 MP: 8/8
  5876 | D:7      | Noticed a boulder beetle
  6550 | D:7      | Killed a boulder beetle
  6748 | D:7      | Reached skill level 10 in Fighting
  6940 | D:7      | Found Lixoul's Armour Emporium.
  7372 | D:7      | Found a runed translucent door.
  7373 | D:7      | Noticed Crazy Yiuf
  7830 | D:8      | Reached skill level 5 in Evocations
  8092 | D:8      | Found a staircase to the Lair.
  8101 | D:8      | Reached XP level 10. HP: 94/94 MP: 9/9
  8265 | D:8      | Reached skill level 11 in Fighting
  8445 | D:8      | Identified the +5 long sword "Buimy" {drain, rPois rF- rC+
                  | Stlth+}
  8799 | D:8      | You fall into a shaft and drop 3 floors!
  8846 | D:10     | Entered Level 10 of the Dungeon
  8846 | D:10     | Found a staircase to the Orcish Mines.
  9171 | D:10     | Reached ***** piety under Trog
  9590 | D:10     | Found a white marble altar of Elyvilon.
  9779 | D:10     | Reached skill level 12 in Fighting
 10409 | D:9      | Reached XP level 11. HP: 58/105 MP: 10/10
 10604 | D:9      | Noticed Harold
 10971 | D:7      | Bought a +1 pair of boots of flying for 247 gold pieces
 10971 | D:7      | Bought a +1 pair of gloves for 172 gold pieces
 11303 | D:8      | Found a stormy altar of Qazlal.
 11338 | D:8      | Found an ornate altar of the Wu Jian Council.
 11912 | D:9      | Killed Harold
 12266 | D:9      | Reached skill level 13 in Fighting
 13466 | D:11     | Noticed Erica
 13485 | D:11     | Killed Erica
 13823 | D:11     | Noticed a four-headed hydra
 13830 | D:11     | Killed a four-headed hydra
 14296 | D:11     | Noticed a two-headed ogre
 14304 | D:11     | Killed a two-headed ogre
 14305 | D:11     | Reached skill level 10 in Axes
 14848 | Lair:1   | Entered Level 1 of the Lair of Beasts
 15461 | Lair:1   | Reached skill level 14 in Fighting
 15600 | Lair:1   | Noticed Lutefisk's ghost (journeyman OpTm)
 15636 | Lair:1   | Reached XP level 12. HP: 117/117 MP: 11/11
 15820 | Lair:1   | Reached skill level 10 in Armour
 16238 | Lair:1   | Found a runed translucent door.
 16438 | Lair:2   | Noticed Nergalle
 16455 | Lair:2   | Killed Nergalle
 16699 | Lair:2   | Paralysed by a hornet for 3 turns
 16713 | Lair:2   | Paralysed by a hornet for 3 turns
 17803 | Lair:2   | Found a corrupted altar of Lugonu.
 18100 | Lair:2   | Found a hole to the Spider Nest.
 18188 | Lair:2   | Found a one-way gate to the infinite horrors of the Abyss.
 18330 | Lair:1   | Reached skill level 15 in Fighting
 18330 | Lair:1   | Received a gift from Trog
 18870 | Lair:2   | HP: 2/121 [meliai/divine providence (12)]
 19487 | Lair:2   | Reached skill level 10 in Dodging
 19767 | Lair:2   | Noticed Fannar
 19784 | Lair:2   | HP: 1/121 [meliai/divine providence (7)]
 20616 | Lair:3   | Reached XP level 13. HP: 103/127 MP: 12/12
 21092 | Lair:3   | Found a staircase to the Shoals.
 21212 | Lair:3   | Reached skill level 16 in Fighting
 21874 | Lair:3   | Received a gift from Trog
 25304 | Lair:4   | Reached skill level 17 in Fighting
 26232 | Lair:3   | Reached XP level 14. HP: 95/140 MP: 4/13
 26624 | Lair:5   | Entered Level 5 of the Lair of Beasts
 28369 | Lair:5   | Found a staircase to the Slime Pits.
 28373 | Lair:5   | Found a viscous altar of Jiyva.
 29821 | Lair:5   | Reached skill level 18 in Fighting
 31506 | Lair:5   | Reached skill level 10 in Evocations
 32267 | D:12     | Noticed Psyche
 32273 | D:12     | Killed Psyche
 32288 | D:12     | Identified the ring of Uskayaw's Generosity {Ice rN+ Str+7}
 34186 | Orc:1    | Entered Level 1 of the Orcish Mines
 34413 | Orc:1    | Found a shimmering blue altar of Sif Muna.
 34568 | Orc:2    | Entered Level 2 of the Orcish Mines
 34822 | Orc:2    | Found a staircase to the Elven Halls.
 35250 | Orc:2    | Reached XP level 15. HP: 121/150 MP: 14/14
 35739 | Orc:2    | Received a gift from Trog
 36037 | Orc:2    | Paralysed by an ogre mage for 2 turns
 36184 | Orc:2    | Reached skill level 19 in Fighting
 36726 | Orc:2    | Noticed Saint Roka
 37143 | Orc:2    | Killed Saint Roka
 38118 | Orc:2    | Paralysed by an orc sorcerer for 5 turns
 38322 | Orc:2    | Found Mutromos's Antique Weapon Emporium.
 38346 | Orc:2    | Found Qoimiss's Jewellery Emporium.
 38467 | Orc:2    | Found Xalicvow's Antique Armour Emporium.
 38681 | Orc:2    | Found Bautweit's General Store.
 38687 | Orc:2    | Bought a scroll of teleportation for 42 gold pieces
 38687 | Orc:2    | Bought a scroll of fear for 56 gold pieces
 38687 | Orc:2    | Bought a scroll of blinking for 105 gold pieces
 38950 | Orc:2    | Bought the ring of Zohu {rC+ Str+6} for 750 gold pieces
 39795 | D:13     | Identified the +4 ring mail "Soful" {Harm rPois rC+}
 40619 | D:14     | Reached ****** piety under Trog
 40895 | D:14     | Found a gate to the Vaults.
 42775 | D:14     | Found Witzush's Armour Shop.
 43049 | D:14     | Bought a +0 plate armour of willpower for 330 gold pieces
 43049 | D:14     | Bought a +2 pair of gloves of infusion for 236 gold pieces
 43226 | D:14     | Reached skill level 20 in Fighting
 43337 | D:15     | Entered Level 15 of the Dungeon
 43881 | D:15     | Identified the +9 trident of Ehestrof {vorpal, Fly rElec
                  | Int-2 Dex+4} (Trog gifted it to you on level 15 of the
                  | Dungeon)
 43881 | D:15     | Received a gift from Trog
 44140 | D:15     | Reached XP level 16. HP: 118/162 MP: 0/15
 44896 | D:15     | Reached skill level 15 in Axes
 45404 | D:15     | Found a staircase to the Depths.
 45780 | Shoals:1 | Entered Level 1 of the Shoals
 45794 | Shoals:1 | Reached skill level 1 in Shields
 46421 | Shoals:1 | Found Aboytugg's Magic Scroll Boutique.
 46432 | Shoals:1 | Bought 3 scrolls of enchant weapon for 292 gold pieces
 46432 | Shoals:1 | Bought a scroll of identify for 26 gold pieces
 46432 | Shoals:1 | Bought a scroll of teleportation for 39 gold pieces
 48474 | Shoals:2 | Received a gift from Trog
 49744 | Shoals:3 | Reached skill level 15 in Armour
 49848 | Shoals:3 | Found Wylemm Xeumm's Book Shop.
 50354 | Shoals:3 | Noticed a kraken
 50666 | Spider:1 | Entered Level 1 of the Spider Nest
 50935 | Spider:1 | Reached skill level 5 in Shields
 50951 | Spider:1 | Reached skill level 21 in Fighting
 51068 | Lair:2   | Killed Fannar
 51304 | Elf:1    | Entered Level 1 of the Elven Halls
 51555 | Spider:1 | Identified the +11 trident of Bread {venom, rElec}
 51968 | Spider:1 | You are sucked into a shaft and drop 1 floor!
 51996 | Spider:1 | Received a gift from Trog
 52610 | Spider:1 | Noticed Kirke
 52615 | Spider:1 | Killed Kirke
 53005 | Spider:1 | Reached XP level 17. HP: 164/172 MP: 5/16
 53290 | Spider:1 | Found a runed translucent door.
 53290 | Spider:1 | Noticed KittyFluff's ghost (adept GrBe)
 57854 | Spider:3 | Received a gift from Trog
 57913 | Spider:3 | Noticed Donald
 57930 | Spider:3 | Killed Donald
 59312 | Shoals:4 | Entered Level 4 of the Shoals
 60674 | Shoals:4 | Received a gift from Trog
 62455 | Shoals:4 | Identified the +6 rapier of the Lost Seers {speed, rF+
                  | Stlth+}
 62925 | Shoals:4 | Identified the ring "Josischad" {Str+8 Int+6}
 63483 | Shoals:4 | Reached skill level 10 in Shields
 63886 | Shoals:4 | Reached skill level 15 in Dodging
 63888 | Shoals:4 | Reached XP level 18. HP: 122/183 MP: 1/17
 65508 | Shoals:4 | Got a barnacled rune of Zot
 66443 | Orc:2    | Bought a ring of poison resistance for 300 gold pieces
 67190 | Spider:4 | Entered Level 4 of the Spider Nest
 68279 | Spider:4 | Received a gift from Trog
 68396 | Spider:4 | Reached skill level 22 in Fighting
 71382 | Spider:4 | Identified the +1 hat of the Sheltering Gods {Fly Str+2
                  | SInv}
 71385 | Spider:4 | Got a gossamer rune of Zot
 72618 | Elf:1    | Received a gift from Trog
 72671 | Elf:1    | Paralysed by an air elemental for 1 turns
 72675 | Elf:1    | Paralysed by an air elemental for 1 turns
 72678 | Elf:1    | Paralysed by an air elemental for 1 turns
 72681 | Elf:1    | Paralysed by an air elemental for 1 turns
 73378 | Elf:1    | Found Iphigemi's Distillery.
 73565 | Elf:1    | Bought a potion of curing for 48 gold pieces
 73565 | Elf:1    | Bought a potion of curing for 48 gold pieces
 73565 | Elf:1    | Bought a potion of curing for 48 gold pieces
 73565 | Elf:1    | Found Yceojyir's Armour Shoppe.
 73837 | Elf:1    | Noticed Roxanne
 74127 | Elf:1    | Identified the +10 battleaxe of Potereux {vorpal, *Slow
                  | rElec rPois Str+8} (Trog gifted it to you on level 1 of the
                  | Elven Halls)
 74127 | Elf:1    | Received a gift from Trog
 74492 | Elf:1    | Reached XP level 19. HP: 186/193 MP: 0/18
 74904 | Elf:1    | Found a runed translucent gate.
 74904 | Elf:1    | Found a runed translucent gate.
 74904 | Elf:1    | Found a runed translucent gate.
 74904 | Elf:1    | Found a runed translucent gate.
 74904 | Elf:1    | Found a runed translucent gate.
 74907 | Elf:1    | Found a runed translucent gate.
 75833 | Elf:2    | Paralysed by an air elemental for 1 turns
 76838 | Elf:2    | Found a huge runed translucent gate.
 76839 | Elf:2    | Found a huge runed translucent gate.
 76839 | Elf:2    | Found a huge runed translucent gate.
 76840 | Elf:2    | Found a huge runed translucent gate.
 76840 | Elf:2    | Found a huge runed translucent gate.
 78732 | Elf:2    | Identified the +7 long sword of Ethics {vorpal, Drain rPois
                  | Will++} (Trog gifted it to you on level 2 of the Elven
                  | Halls)
 78732 | Elf:2    | Received a gift from Trog
 79805 | Elf:3    | Entered Level 3 of the Elven Halls
 80396 | Spider:3 | Identified a scroll of acquirement
 80652 | Orc:2    | Bought a ring of resist corrosion for 300 gold pieces
 80827 | Vaults:1 | Entered Level 1 of the Vaults
 80833 | Vaults:1 | Noticed Zenata
 80838 | Vaults:1 | Paralysed by a great orb of eyes for 5 turns
 80849 | Vaults:1 | Killed Zenata
 81888 | Vaults:1 | Found Hydur's Jewellery Shop.
 81969 | Vaults:1 | Found Tiobid's General Store.
 81984 | Vaults:1 | Bought a scroll of fear for 72 gold pieces
 81984 | Vaults:1 | Bought a scroll of teleportation for 54 gold pieces
 82163 | Vaults:1 | Noticed Nikola
 82174 | Vaults:1 | Killed Nikola
 83336 | Vaults:1 | Found Agoosm's Weapon Shoppe.
 83413 | Vaults:1 | Found Fuateuv's Magic Scroll Shoppe.
 83428 | Vaults:1 | Bought a scroll of identify for 26 gold pieces
 83428 | Vaults:1 | Bought a scroll of enchant weapon for 97 gold pieces
 83428 | Vaults:1 | Bought a scroll of identify for 26 gold pieces
 83428 | Vaults:1 | Bought a scroll of identify for 26 gold pieces
 83663 | Vaults:1 | Reached XP level 20. HP: 148/202 MP: 0/19
 84242 | Vaults:1 | Found Ruaclaogo's Distillery.
 84255 | Vaults:1 | Bought a potion of heal wounds for 105 gold pieces
 84255 | Vaults:1 | Bought a potion of cancellation for 168 gold pieces
 84255 | Vaults:1 | Bought a potion of curing for 63 gold pieces
 84255 | Vaults:1 | Bought a potion of curing for 63 gold pieces
 84537 | Vaults:2 | Reached skill level 23 in Fighting
 84686 | Vaults:2 | Found a portal to a secret trove of treasure.
 85400 | Vaults:2 | Paralysed by a great orb of eyes for 2 turns
 85581 | Vaults:2 | Reached skill level 15 in Shields
 85727 | Vaults:2 | Found a transporter.
 85731 | Vaults:2 | Received a gift from Trog
 86656 | Vaults:2 | Found Tuathekh's Antique Weapon Boutique.
 87019 | Vaults:2 | Found Biequp's Magic Scroll Shop.
 87027 | Vaults:2 | Bought a scroll of blinking for 127 gold pieces
 87027 | Vaults:2 | Bought a scroll of identify for 34 gold pieces
 87027 | Vaults:2 | Bought a scroll of identify for 34 gold pieces
 87244 | Vaults:2 | Found a staircase to the Crypt.
 87244 | Vaults:2 | Found a basalt altar of Yredelemnul.
 87245 | Vaults:2 | Found an ancient bone altar of Kikubaaqudgha.
 87848 | Vaults:3 | Identified the +8 broad axe of Idealism {vorpal, rPois
                  | rC+++ rCorr Dex-3} (Trog gifted it to you on level 3 of the
                  | Vaults)
 87848 | Vaults:3 | Received a gift from Trog
 88018 | Vaults:3 | Noticed Xtahua
 89090 | Vaults:3 | Noticed Mara
 89121 | Vaults:3 | Noticed venomsnake's illusion
 89134 | Vaults:3 | Killed Mara
 89464 | Vaults:3 | Killed Xtahua
 89654 | Vaults:3 | Received a gift from Trog
 89776 | Vaults:3 | Reached XP level 21. HP: 213/213 MP: 0/20
 90337 | Vaults:3 | Identified the +1 chain mail of the Cicada {*Slow rCorr
                  | Dex-2 SInv}
 91177 | Vaults:4 | Reached skill level 15 in Evocations
 92374 | Vaults:4 | Reached skill level 24 in Fighting
 93053 | Vaults:4 | Identified the +7 rapier of the Two Names {flame, Str+3}
                  | (Trog gifted it to you on level 4 of the Vaults)
 93053 | Vaults:4 | Received a gift from Trog
 94194 | Crypt:1  | Entered Level 1 of the Crypt
 95507 | Crypt:1  | Received a gift from Trog
 96356 | Crypt:2  | Noticed Khufu
 96840 | Crypt:2  | Reached XP level 22. HP: 162/224 MP: 0/21
 97539 | Crypt:2  | Identified the ring "Bojenaxt" {Ice MP+9}
 97539 | Crypt:2  | Noticed Josephina
 98089 | Crypt:2  | Noticed Boris
 98096 | Crypt:2  | Killed Josephina
 98103 | Crypt:2  | Killed Boris
 98500 | Crypt:2  | Noticed a royal mummy
 98501 | Crypt:2  | Killed Khufu
 98503 | Crypt:2  | Noticed a royal mummy
 98507 | Crypt:2  | Killed a royal mummy
 99027 | Crypt:2  | Killed a royal mummy
 99627 | Crypt:3  | Entered Level 3 of the Crypt
100428 | Crypt:3  | Found a staircase to the Tomb.
100437 | Crypt:3  | Received a gift from Trog
102065 | Crypt:3  | Found an ancient bone altar of Kikubaaqudgha.
102402 | Crypt:3  | Noticed a dread lich
102409 | Crypt:3  | Noticed a dread lich
102410 | Crypt:3  | Paralysed by a dread lich for 2 turns
102413 | Crypt:3  | Killed a dread lich
102414 | Crypt:3  | Reached skill level 25 in Fighting
102417 | Crypt:3  | Killed a dread lich
102500 | Crypt:3  | Identified the +1 ring mail "Gitz" {rPois Will+ MP+9 Str-3}
102600 | Crypt:3  | Received a gift from Trog
104053 | Vaults:2 | Found a transporter.
104329 | Vaults:1 | Bought a ring of protection from fire for 375 gold pieces
104451 | Depths:1 | Entered Level 1 of the Depths
104582 | Depths:1 | Noticed Boris
105247 | D:15     | Reached XP level 23. HP: 150/234 MP: 0/22
105513 | D:15     | Received a gift from Trog
105840 | D:15     | Acquired a manual of Evocations
105855 | D:15     | Killed Boris
106087 | Depths:1 | Found Maorurch's Weapon Emporium.
106319 | Depths:1 | Found a gateway to Hell.
106571 | Depths:1 | Found an ancient bone altar of Kikubaaqudgha.
106823 | Depths:2 | Found a one-way gateway to a ziggurat.
107040 | Depths:2 | Found a large runed translucent door.
107041 | Depths:2 | Found a large runed translucent door.
107054 | Depths:2 | Found a large runed translucent door.
107055 | Depths:2 | Found a large runed translucent door.
107187 | Depths:2 | Lost intelligence.
108229 | Orc:2    | Bought a +6 ring of intelligence for 540 gold pieces
108274 | Orc:2    | Lost intelligence.
109092 | Depths:2 | Received a gift from Trog
109477 | Depths:2 | Found a large runed translucent door.
109478 | Depths:2 | Found a large runed translucent door.
109529 | Depths:2 | Paralysed by a vampire knight for 4 turns
109657 | Depths:2 | Found a large runed translucent door.
109660 | Depths:2 | Found a large runed translucent door.
109927 | Depths:2 | Found a one-way gate leading to the halls of Pandemonium.
110966 | Depths:3 | Noticed a juggernaut
111005 | Depths:3 | Killed a juggernaut
111511 | Depths:3 | Received a gift from Trog
111953 | Depths:3 | Noticed the Enchantress
112008 | Depths:3 | Killed the Enchantress
112705 | Depths:3 | Lost intelligence.
114083 | Depths:4 | Entered Level 4 of the Depths
114499 | Depths:4 | Reached skill level 26 in Fighting
114837 | Depths:4 | Noticed Margery
115314 | Depths:4 | Killed Margery
115501 | Depths:4 | Received a gift from Trog
115687 | Depths:4 | Found a sacrificial altar of Ru.
115993 | Depths:4 | Reached XP level 24. HP: 226/226 MP: 12/22
116810 | Depths:4 | Identified the +10 scimitar "Ugabroh" {protect, rPois rF+
                  | Int+3}
116819 | Depths:4 | Found Dunauler's Weapon Shoppe.
116824 | Depths:4 | Found Tuxzuaz's Book Emporium.
116826 | Depths:4 | Found Wuesenad's Weapon Shoppe.
117352 | Depths:4 | Found a sparkling altar of Nemelex Xobeh.
118492 | Depths:4 | Found a gate to the Realm of Zot.
119068 | Vaults:5 | Entered Level 5 of the Vaults
119184 | Vaults:5 | Noticed Boris
119463 | Vaults:4 | Killed Boris
120532 | Vaults:5 | Noticed an ancient lich
120593 | Vaults:5 | Received a gift from Trog
123215 | Vaults:5 | Identified the ring of Temptation {Ice rPois}
123613 | Vaults:5 | Killed an ancient lich
123613 | Vaults:5 | Identified the +10 lajatang of the Stopping Dullness
                  | {vorpal, +Blink rF- rN++} (Trog gifted it to you on level 5
                  | of the Vaults)
123613 | Vaults:5 | Received a gift from Trog
123618 | Vaults:5 | Reached XP level 25. HP: 105/252 MP: 4/22
123924 | Vaults:5 | Found the +1 Delatra's gloves {ID++}
124537 | Vaults:5 | Got a silver rune of Zot
125207 | Spider:1 | Killed KittyFluff's ghost
125348 | Lair:1   | Killed Lutefisk's ghost
125581 | Elf:1    | Bought a +3 plate armour of poison resistance for 546 gold
                  | pieces
125886 | Vaults:1 | Bought a potion of might for 84 gold pieces
125886 | Vaults:1 | Bought a potion of resistance for 210 gold pieces
126010 | Vaults:2 | Bought 2 scrolls of teleportation for 102 gold pieces
126116 | Vaults:1 | Bought a scroll of fear for 52 gold pieces
126116 | Vaults:1 | Bought a scroll of fear for 52 gold pieces
126315 | Zot:1    | Entered Level 1 of the Realm of Zot
126668 | Zot:1    | Reached skill level 27 in Fighting
126961 | Zot:1    | Noticed an orb of fire
126977 | Zot:1    | Gained mutation: Your flesh is heat resistant. (rF+) [an
                  | orb of fire]
126978 | Zot:1    | Gained mutation: You have supernaturally acute eyesight.
                  | (SInv) [an orb of fire]
126980 | Zot:1    | Gained mutation: Your body sometimes deteriorates upon
                  | taking damage. [an orb of fire]
126984 | Zot:1    | Killed an orb of fire
127534 | Zot:1    | Identified the +4 scimitar of Glory {drain, Str+4}
128591 | Zot:1    | Noticed a Killer Klown
128598 | Zot:1    | Noticed a Killer Klown
128631 | Zot:1    | Killed a Killer Klown
128632 | Zot:1    | Killed a Killer Klown
128777 | Zot:1    | Found a shimmering altar of Xom.
128777 | Zot:1    | Found a shimmering altar of Xom.
128777 | Zot:1    | Found a shimmering altar of Xom.
128777 | Zot:1    | Found a shimmering altar of Xom.
128777 | Zot:1    | Found a shimmering altar of Xom.
128777 | Zot:1    | Found a shimmering altar of Xom.
128777 | Zot:1    | Found a shimmering altar of Xom.
129274 | Zot:1    | Found a glowing silver altar of Zin.
130472 | Zot:1    | Received a gift from Trog
130820 | Zot:1    | Noticed an orb of fire
130827 | Zot:1    | Gained mutation: Your body often deteriorates upon taking
                  | damage. [an orb of fire]
130831 | Zot:1    | Killed an orb of fire
130849 | Zot:1    | Noticed an orb of fire
130853 | Zot:1    | Gained mutation: You have hidden genetic defects. [an orb
                  | of fire]
130865 | Zot:1    | Killed an orb of fire
132116 | Zot:2    | Identified the +1 robe of the Seven of Cups {rN++ Stlth+}
134114 | Zot:3    | Noticed Vv
134539 | Zot:3    | Killed Vv
135374 | Zot:2    | Gained mutation: You are clumsy. (Dex -2) [hidden defects]
136457 | Zot:3    | Reached XP level 26. HP: 159/266 MP: 18/22
136758 | Zot:3    | Identified the +6 mace of Qoomp {venom, Dex+3}
137847 | Zot:3    | Gained mutation: You have terrible hidden genetic defects.
                  | [hidden defects]
137847 | Zot:3    | Lost mutation: You have terrible hidden genetic defects.
                  | [hidden defects expressed]
138774 | Zot:4    | Found a transporter.
138801 | Zot:4    | Found a transporter.
138805 | Zot:4    | Found a transporter.
138808 | Zot:4    | Found a transporter.
139990 | Zot:4    | Identified the +11 battleaxe of Trog's Hatred {vorpal,
                  | rElec rC- rCorr SInv} (Trog gifted it to you on level 4 of
                  | the Realm of Zot)
139990 | Zot:4    | Received a gift from Trog
140897 | Zot:5    | Entered Level 5 of the Realm of Zot
140935 | Zot:4    | Gained mutation: You occasionally lose the ability to drink
                  | potions when taking damage. [hidden defects]
141031 | Zot:5    | Lost mutation: You have supernaturally acute eyesight.
                  | (SInv) [potion of mutation]
141031 | Zot:5    | Lost mutation: You are clumsy. (Dex -2) [potion of
                  | mutation]
141031 | Zot:5    | Lost mutation: Your flesh is heat resistant. (rF+) [potion
                  | of mutation]
141031 | Zot:5    | Gained mutation: You expend magic power (3 MP) to
                  | strengthen your wands. [potion of mutation]
141031 | Zot:5    | Lost mutation: You have hidden genetic defects. [potion of
                  | mutation]
141032 | Zot:5    | Lost mutation: You expend magic power (3 MP) to strengthen
                  | your wands. [potion of mutation]
141032 | Zot:5    | Lost mutation: Your body often deteriorates upon taking
                  | damage. [potion of mutation]
141032 | Zot:5    | Lost mutation: You occasionally lose the ability to drink
                  | potions when taking damage. [potion of mutation]
141033 | Zot:5    | Lost mutation: Your body sometimes deteriorates upon taking
                  | damage. [potion of mutation]
141033 | Zot:5    | Gained mutation: Your muscles are strong. (Str +4, Int/Dex
                  | -1) [potion of mutation]
141033 | Zot:5    | Gained mutation: Your system is resistant to poisons.
                  | (rPois) [potion of mutation]
141033 | Zot:5    | Gained mutation: Your muscles are very strong. (Str +8,
                  | Int/Dex -2) [potion of mutation]
141062 | Zot:5    | Noticed an orb of fire
141069 | Zot:5    | Gained mutation: Your flesh is cold resistant. (rC+) [an
                  | orb of fire]
141072 | Zot:5    | Gained mutation: Your body sometimes deteriorates upon
                  | taking damage. [an orb of fire]
141082 | Zot:5    | Gained mutation: You occasionally lose the ability to drink
                  | potions when taking damage. [an orb of fire]
141089 | Zot:5    | Killed an orb of fire
141404 | Zot:4    | Lost mutation: Your flesh is cold resistant. (rC+) [potion
                  | of mutation]
141404 | Zot:4    | Lost mutation: You occasionally lose the ability to drink
                  | potions when taking damage. [potion of mutation]
141404 | Zot:4    | Lost mutation: Your body sometimes deteriorates upon taking
                  | damage. [potion of mutation]
141404 | Zot:4    | Gained mutation: You are frail. (-10% HP) [potion of
                  | mutation]
141404 | Zot:4    | Gained mutation: You occasionally shout uncontrollably at
                  | your foes. [potion of mutation]
141404 | Zot:4    | Gained mutation: You are somewhat resistant to further
                  | mutation. [potion of mutation]
141405 | Zot:4    | Lost mutation: You are frail. (-10% HP) [potion of
                  | mutation]
141405 | Zot:4    | Lost mutation: Your muscles are very strong. (Str +8,
                  | Int/Dex -2) [potion of mutation]
141405 | Zot:4    | Lost mutation: You are somewhat resistant to further
                  | mutation. [potion of mutation]
141405 | Zot:4    | Gained mutation: You are clumsy. (Dex -2) [potion of
                  | mutation]
141406 | Zot:4    | Lost mutation: Your system is resistant to poisons. (rPois)
                  | [potion of mutation]
141406 | Zot:4    | Lost mutation: You are clumsy. (Dex -2) [potion of
                  | mutation]
141406 | Zot:4    | Lost mutation: You occasionally shout uncontrollably at
                  | your foes. [potion of mutation]
141406 | Zot:4    | Gained mutation: You do not regenerate when monsters are
                  | visible. [potion of mutation]
141406 | Zot:4    | Gained mutation: You possess an exceptional clarity of
                  | mind. [potion of mutation]
141715 | Vaults:1 | Bought a potion of mutation for 168 gold pieces
141715 | Vaults:1 | Lost mutation: You do not regenerate when monsters are
                  | visible. [potion of mutation]
141715 | Vaults:1 | Lost mutation: You possess an exceptional clarity of mind.
                  | [potion of mutation]
141715 | Vaults:1 | Lost mutation: Your muscles are strong. (Str +4, Int/Dex
                  | -1) [potion of mutation]
141715 | Vaults:1 | Gained mutation: Potions are less effective at restoring
                  | your health. [potion of mutation]
141715 | Vaults:1 | Gained mutation: Your system is resistant to poisons.
                  | (rPois) [potion of mutation]
143937 | Zot:5    | Noticed a dread lich
143938 | Zot:5    | Noticed an ancient lich
143940 | Zot:5    | Noticed a dread lich
143966 | Zot:5    | Killed a dread lich
143974 | Zot:5    | Killed an ancient lich
143979 | Zot:5    | Killed a dread lich
144386 | Zot:5    | Noticed an orb of fire
144389 | Zot:5    | Gained mutation: You occasionally lose the ability to drink
                  | potions when taking damage. [an orb of fire]
144406 | Zot:5    | Killed an orb of fire
144682 | Zot:5    | Lost mutation: Potions are less effective at restoring your
                  | health. [potion of mutation]
144682 | Zot:5    | Lost mutation: Your system is resistant to poisons. (rPois)
                  | [potion of mutation]
144682 | Zot:5    | Gained mutation: You have sharp fingernails. [potion of
                  | mutation]
144682 | Zot:5    | Gained mutation: You are robust. (+10% HP) [potion of
                  | mutation]
144682 | Zot:5    | Gained mutation: You expend magic power (3 MP) to
                  | strengthen your wands. [potion of mutation]
144683 | Zot:5    | Lost mutation: You have sharp fingernails. [potion of
                  | mutation]
144683 | Zot:5    | Lost mutation: You occasionally lose the ability to drink
                  | potions when taking damage. [potion of mutation]
144683 | Zot:5    | Lost mutation: You are robust. (+10% HP) [potion of
                  | mutation]
144683 | Zot:5    | Gained mutation: Your flesh is heat resistant. (rF+)
                  | [potion of mutation]
144683 | Zot:5    | Gained mutation: You have hidden genetic potential. [potion
                  | of mutation]
144683 | Zot:5    | Gained mutation: You have great hidden genetic potential.
                  | [potion of mutation]
144765 | Zot:5    | Noticed a dread lich
144780 | Zot:5    | Killed a dread lich
146747 | Zot:5    | Noticed an ancient lich
146773 | Zot:5    | Killed an ancient lich
147032 | Zot:5    | Noticed a dread lich
147056 | Zot:5    | Killed a dread lich
147057 | Zot:5    | Reached XP level 27. HP: 243/273 MP: 13/22
148581 | Zot:5    | Noticed an orb of fire
148597 | Zot:5    | Gained mutation: You are dopey. (Int -2) [an orb of fire]
148604 | Zot:5    | Killed an orb of fire
149340 | Zot:5    | Received a gift from Trog
149482 | Zot:5    | Got the Orb of Zot
150052 | D:$      | Escaped with the Orb!

Illustrated notes

Levels and vault maps discovered:
D:1:      elethiomel_arrival_shortcut, layout_basic
D:2:      layout_rooms, hellmonk_ecumenical_altar_run_dry,
          minmay_increasing_density, uniq_robin
D:3:      layout_basic
D:4:      layout_basic, grunt_temple_overflow_gold_and_silver,
          hangedman_glass_teeth
D:5:      layout_basic, marbit_many_paths, serial_bayou, serial_bayou_lake_a,
          serial_bayou_crossing, serial_bayou_shore_b, serial_bayou_shore_b,
          chequers_serial_rivers_small_a, uniq_pikel, uniq_menkaure
D:6:      layout_cave_pools, grunt_dithmenos_shadows,
          nicolae_overflow_hidden_temple, minmay_temple_entry_nine_rooms
D:7:      layout_basic, chequers_serial_rivers_room_b,
          chequers_serial_rivers_small_a, nicolae_take_the_stairs,
          kennysheep_opposing_triangles, uniq_crazy_yiuf_cottage
D:8:      layout_layer_cave, mainiacjoe_overflow_surrounded_room,
          kennysheep_mini, minmay_lair_entry_grove
D:9:      layout_cave_pods, uniq_harold
D:10:     layout_loops_ring, elyvilon_altar_5, orc_0_dummy
D:11:     layout_roguey, serial_curves, eino_curves_02, eino_curves_03,
          eino_curves_01, eino_curves_04, uniq_erica
D:12:     layout_loops_ring, st_stairs_3, uniq_psyche
D:13:     layout_rooms
D:14:     layout_grid_maze, erik_vaults_2, serial_shops, shop,
          minmay_joined_circles
D:15:     grunt_enter_depths_magical_seal, layout_rooms
Lair:1:   layout_roguey, hellmonk_ghost_happy_afterlife
Lair:2:   regret_index_combs_of_tragedy, layout_regular_city,
          hellmonk_spider_entry_life_and_decay, chequers_serial_rivers_marsh,
          amcnicky_altar_lugonu_corruption, uniq_nergalle, uniq_fannar
Lair:3:   nzn_winding_woodlands_stair_cross
          [nzn_winding_woodlands_5x15_split_checker,
          nzn_winding_woodlands_center_triple_pond,
          nzn_winding_woodlands_5x15_zeroes, nzn_winding_woodlands_5x5_default,
          nzn_winding_woodlands_hourglass,
          nzn_winding_woodlands_5x15_lazy_stream,
          nzn_winding_woodlands_center_pierced_h,
          nzn_winding_woodlands_5x15_pathside_ponds], layout_layer_cave,
          shoals_dummy_entry, st_stairs_11, serial_bayou_shore_a
Lair:4:   cheibrodos_lair_river_kwai, layout_gridlike
Lair:5:   due_jungle_book, layout_concentric_octagons, slime_entry_1,
          minivault_11, lemuel_fruit_tree
Shoals:1: cheibrodos_shoals_baths, layout_shoals, serial_shops,
          nicolae_shop_stone
Shoals:2: layout_shoals
Shoals:3: layout_shoals, serial_shops, shop
Shoals:4: shoals_end_simple, layout_shoals, nicolae_shoals_hunting_party
Spider:1: layout_chambers, ebering_ghost_inner_flame,
          hangedman_spider_tarantella_strand, uniq_kirke
Spider:2: spider_temple_joshua
Spider:3: layout_cave_pods, portal_ice_cave_entry_ugly_swarm,
          nicolae_spider_not_touching_you, uniq_donald
Spider:4: hellmonk_spider_rune_endless_swarm
Orc:1:    layout_diamond_mine, kennysheep_orc_sif_temple
Orc:2:    grunt_orc_cross, layout_caves, guppyfry_orc_lava_fort
Elf:1:    nicolae_elf_arrival_no_cutting_in_line, layout_loops_ring,
          serial_shops, shop_coins, shop, orc_legates, grunt_ministairs_12,
          drop_trap, small_statue_intersection, uniq_roxanne
Elf:2:    elven_hall_of_blades_hangedman_alternative
          [nicolae_blade_entry_area_security], layout_geoelf_grid
Elf:3:    minmay_elf_hall_dome, layout_geoelf_castle, serial_shops,
          bzr_entry_water
Vaults:1: vaults_dpeg_ring, v_pattern_3, grunt_vaults_hallway_short, v_misc_10,
          v_misc_3, ontoclasm_vaults_bender, v_alt_pattern_3,
          vaults_room_ringed_pool, vaults_mumra_lcd, vaults_mumra_hex,
          nicolae_vaults_theta, vaults_room_pools, hangedman_vaults_slice,
          layout_vaults_omnibox, serial_shops, shop_coins,
          nicolae_shop_hallway_stairs, shop, shop, nicolae_shop_waterfront,
          uniq_zenata, uniq_nikola
Vaults:2: minmay_crypt_entry_necro_gods, nicolae_vaults_alarming,
          emtedronai_trogs_sanctum, vaults_room_door_hall, v_misc_23,
          nicolae_vaults_what_the_h, vaults_room_pool,
          nicolae_vaults_little_squares_1, nicolae_vaults_mini_display_case,
          vaults_dpeg_diagonal, nicolae_vaults_big_ls, vaults_mumra_hexcomb,
          vaults_room_grid, layout_vaults_maze_snakey, enter_trove_5,
          serial_shops, nicolae_shop_waterfront, shop, serial_glass
Vaults:3: ontoclasm_vaults_shuriken, nicolae_vaults_little_squares_2,
          vaults_room_door_ring, dpeg_vaults_monster_box,
          hangedman_vaults_pinch, grunt_vaults_funnel,
          nicolae_vaults_network_barrier, nicolae_vaults_specimen_jars,
          vaults_room_boxed, nicolae_vaults_asterisk, layout_vaults_quadrants,
          uniq_mara, uniq_xtahua
Vaults:4: nicolae_vaults_disjoint_gnomons, dpeg_vaults_hating_casters,
          nicolae_vaults_circle_grid_b, grunt_vaults_twisty, vaults_room_pool,
          v_misc_18, vaults_room_grunt_arrival_ludios,
          layout_vaults_chaotic_city
Vaults:5
Crypt:1:  layout_misc_corridors, minmay_misc_feat_columns
Crypt:2:  layout_gridlike, uniq_josephina, uniq_khufu, uniq_boris
Crypt:3:  evilmike_haunted_forest
Depths:1: layout_cave_pools, serial_shops, nicolae_shop_bloodbath_and_beyond,
          hell_entry, minmay_misc_feat_more_columns, kiku_gazebo_pond_becter
Depths:2: minmay_five_octagons, layout_gridville, enter_ziggurat_c, hell_entry,
          rand_demon_pan_entry_9, abyss_entry, minmay_misc_feat_x
Depths:3: minmay_polygon_palace, layout_gridville, nicolae_eternal_life,
          abyss_entry_glasseish, pf_hell_entry_great_geh,
          grunt_pan_entry_sceptre, hangedman_stitches_earthworm,
          infiniplex_staircase_pool_2, uniq_enchantress
Depths:4: evilmike_zot_entry_gauntlet, layout_cave_shapes,
          nicolae_ru_sacrificial_ziggurat, hellmouth_1,
          nemelex_spade_bored_becter, minmay_shop_star, serial_bayou_shore_b,
          uniq_margery
Zot:1:    dreamdust_zin_vs_xom, layout_gridlike, zot_minivault_1,
          grunt_megastairs_5
Zot:2:    layout_misc_corridors, st_stairs_5
Zot:3:    lemuel_acid_trip, layout_cathedral_of_symmetry, uniq_vv
Zot:4:    kennysheep_oblong_rooms, layout_onion, nicolae_diode_intersection
Zot:5:    layout_twisted_circle, st_stairs_3

Skill      XL: |  1  2  3  4  5  6  7  8  9 10 11 12 13 14 15 16 17 18 19 20 21 22 23 24 25 26 27 |
---------------+----------------------------------------------------------------------------------+-----
Fighting       | 4 5 6 8 9 10 12 14 15 17 18 20 21 22 23 24 25 26 27 | 27.0
Axes           | 4 5 6 8 9 10 11 12 13 14 15 16 17 18 | 18.0
Evocations     | 1 2 3 4 5 6 7 8 9 10 11 12 13 14 15 16 18 19 20 21 22 | 22.0
Armour         | 3 4 5 6 7 8 9 11 12 13 14 15 16 17 19 20 21 22 23 24 25 26 | 26.1
Dodging        | 3 5 6 7 9 10 11 12 13 14 15 16 17 18 19 20 21 22 23 24 | 24.2
Shields        | 6 10 12 14 16 17 18 19 21 22 23 24 | 24.3

Action                   |  1- 3 |  4- 6 |  7- 9 | 10-12 | 13-15 | 16-18 | 19-21 | 22-24 | 25-27 || total
-------------------------+-------+-------+-------+-------+-------+-------+-------+-------+-------++-------
Melee: Hand axe          |    80 |   141 |    49 |       |       |       |       |       |       ||   270
       Headbutt          |    14 |    25 |    56 |   156 |   340 |   354 |   424 |   492 |   411 ||  2272
       Punch             |     1 |       |     4 |    13 |     7 |       |       |       |       ||    25
       War axe           |       |       |   198 |   638 |   112 |       |       |       |       ||   948
       Broad axe         |       |       |       |       |   791 |  1492 |  1463 |  1677 |  1355 ||  6778
       Battleaxe         |       |       |       |       |   287 |       |       |       |       ||   287
Throw: Stone             |       |    17 |     4 |       |       |       |       |       |       ||    21
       Dart              |       |       |       |       |     3 |     2 |       |     5 |     8 ||    18
Invok: Berserk           |     1 |       |     2 |     2 |     6 |     4 |     3 |     2 |       ||    20
       Brothers in Arms  |       |       |       |     2 |     4 |     5 |     7 |    12 |     3 ||    33
       Trog's Hand       |       |       |       |     1 |     2 |     1 |     1 |     5 |     1 ||    11
Evoke: Wand              |       |       |       |     3 |    13 |     7 |     2 |     7 |    10 ||    42
       Lightning rod     |       |       |       |       |       |       |       |       |     3 ||     3
  Use: Scroll            |       |       |     9 |    12 |     9 |    26 |     7 |    15 |    15 ||    93
       Potion            |       |       |       |     1 |     2 |    13 |     5 |    22 |    27 ||    70
 Stab: Distracted        |       |       |       |       |       |       |       |     2 |       ||     2
       Petrified         |       |       |       |       |       |       |       |     2 |       ||     2
       Invisible         |       |       |       |       |       |       |       |     5 |       ||     5
Armor: Leather armour    |    13 |       |       |       |       |       |       |       |       ||    13
       Scale mail        |    18 |    24 |       |       |       |       |       |       |       ||    42
       Plate armour      |       |    63 |   171 |   474 |   745 |   862 |   425 |   611 |   130 ||  3481
       Skin              |       |       |     3 |    27 |       |       |       |       |       ||    30
       Gold dragon scale |       |       |       |       |       |       |       |       |   311 ||   311
Dodge: Dodged            |    50 |    80 |   145 |   397 |   676 |   687 |   394 |   536 |   272 ||  3237
Block: Kite shield       |       |       |       |       |    56 |   901 |   928 |  1395 |   953 ||  4233
       Reflection        |       |       |       |       |       |       |    34 |    64 |    36 ||   134
